 Dungeon Crawl Stone Soup version 0.31-a0-246-g8cbcc1cb85 (webtiles) character file.

Game seed: 17847452898318799642

53 qw the Shooter (level 3, -5/21 HPs)
             Began as a Gargoyle Hexslinger on July 12, 2023.
             Slain by a worm (9 damage)
             ... on level 2 of the Dungeon.
             The game lasted 00:00:29 (994 turns).

qw the Shooter (Gargoyle Hexslinger)                 Turns: 994, Time: 00:00:30

Health: -5/21      AC:  8    Str: 11    XL:     3   Next: 89%
Magic:  4/4        EV: 10    Int: 13    God:
Gold:   96         SH:  0    Dex: 14    Spells: 3/4 levels left

rFire   . . .        Y - +1 sling
rCold   . . .        (no shield)
rNeg    + . .        l - +0 ring mail
rPois   inf          (no helmet)
rElec   +            (no cloak)
rCorr   .            (no gloves)
SInv    .            (no boots)
Will    .....        (no amulet)
Stlth   +            (no ring)
HPRegen 0.23/turn    (no ring)
MPRegen 0.09/turn

%: no passive effects
@: no status effects
A: sickness immunity, AC +3, negative energy resistance 1, electricity
resistance, torment resistance 1, petrification resistance
a: no special abilities


You were on level 2 of the Dungeon.
You visited 1 branch of the dungeon, and saw 2 of its levels.

You collected 96 gold pieces.


Innate Abilities, Weirdness & Mutations

You are immune to sickness and miasma.
Your stone body is resilient. (AC +3)
You are immune to poison.
You resist negative energy. (rN+)
You are resistant to electric shocks. (rElec)
You are resistant to unholy torment.
You are immune to petrification.


   Skills:
 - Level 2.0 Fighting
 + Level 3.7 Ranged Weapons
 - Level 1.5 Dodging
 - Level 1.0 Spellcasting
 - Level 2.6 Hexes


You had 3 spell levels left.
You knew the following spells:

 Your Spells              Type           Power      Damage    Failure   Level
a - Slow                  Hex            28%        N/A       22%         1

Your spell library contained the following spells:

 Spells                   Type           Power      Damage    Failure   Level
 Inner Flame              Hex/Fire       4%         N/A       75%         3
 Portal Projectile        Hex/Tloc       8%         N/A       75%         3
 Cause Fear               Hex            3%         N/A       92%         4

Inventory:

Hand Weapons
 Y - a +1 sling (weapon)
Armour
 l - a +0 ring mail (worn)
Potions
 d - a potion of mutation {unknown}
 f - a potion of curing {unknown}
 h - a potion of lignification {unknown}
 j - a potion of berserk rage {unknown}

Dungeon Overview and Level Annotations

Branches:
Dungeon (2/15)

Altars:
Hepliaklqana

Shops:
D:1 (


Message History

You kill the rat!
Found a hazy altar of Hepliaklqana.
Enter note:
Enter note:
Found a stone staircase leading up.
You see here a rat corpse.
Enter note:
Enter note:
Enter note:
Enter note:
Enter note:
Enter note: A worm comes into view.
Enter note:
Enter note:
Enter note:
Enter note:
Enter note:
Enter note: You shoot a sling bullet.
The sling bullet hits the worm.
The worm is lightly wounded.
The worm bites you.
You shoot a sling bullet. The sling bullet hits the worm.
The worm is moderately wounded.
The worm barely misses you.
You shoot a sling bullet.
The sling bullet barely misses the worm.
You shoot a sling bullet. The sling bullet hits the worm!
The worm is heavily wounded.
The worm bites you.
You shoot a sling bullet.
The sling bullet barely misses the worm.
The worm bites you.
You shoot a sling bullet. The sling bullet hits the worm.
The worm is heavily wounded.
The worm bites you.
You shoot a sling bullet. The sling bullet hits the worm.
The worm is almost dead.
The worm bites you!
You die...

#####+#...###############.#.# #.
# #.#...................# ..
#####.#..#####.#.############# #.
.............^.#....:........# #.
#####.#..###################.# #.
...[..#..# #. ...##.# #.
#######..# #. ######.##.###.
#####..# #w####...........#.
#...#..# #.@..#.####.##.....
###...#..#########.#.# #.####.#.
.........#...........####.#......
###...##.#.####.................)
#...##%#.......#...####.#......
#...##...........#.####.#.##.##
#...#........<...#.##......#.#.
#...#............#.##.#.#..#.#.
#...#.._.........#.##.#.#..#.#.


You could see a worm.

Vanquished Creatures
  2 adders (D:2)
  A dart slug (D:1)
  7 endoplasms
  2 giant cockroaches
  3 hobgoblins (D:1)
  2 jackals (D:1)
  A quokka (D:1)
  A ball python (D:1)
  2 bats (D:1)
  A goblin (D:2)
  6 kobolds
  3 rats
31 creatures vanquished.

Notes
Turn   | Place    | Note
-------+----------+-------------------------------------------
     0 | D:1      | qw the Gargoyle Hexslinger began the quest for the Orb.
     0 | D:1      | Reached XP level 1. HP: 12/12 MP: 2/2
     0 | D:1      | 0 ||| qw: Version: 0.3-a-52-g30416fa
     0 | D:1      | 0 ||| qw: Game counter: 6336
     0 | D:1      | 0 ||| qw: Melee chars always use a shield: true
     0 | D:1      | 0 ||| qw: God list: Okawaru
     0 | D:1      | 0 ||| qw: Allow faded altars: false
     0 | D:1      | 0 ||| qw: Do Orc after clearing Dungeon:15 true
     0 | D:1      | 0 ||| qw: Do second Lair branch before Depths: true
     0 | D:1      | 0 ||| qw: Lair rune preference: random
     0 | D:1      | 0 ||| qw: Goals: Normal
     0 | D:1      | 0 ||| PLANNING D:1-11
    50 | D:1      | 50 ||| Stepping ~*~*~tactically~*~*~ (water).
    52 | D:1      | Reached XP level 2. HP: 16/16 MP: 3/3
    60 | D:1      | 60 ||| FLEEEEING.
    80 | D:1      | Reached skill level 3 in Ranged Weapons
   203 | D:1      | Reached XP level 3. HP: 21/21 MP: 4/4
   207 | D:1      | Found Fauj's Weapon Boutique.
   469 | D:1      | 469 ||| UPGRADING to +0 ring mail.
   479 | D:1      | 479 ||| DROPPING +0 robe.
   480 | D:1      | 480 ||| READING scroll labelled TIGOBB ILESHI.
   481 | D:1      | 481 ||| READING scroll labelled HIOS IN ZUS.
   485 | D:1      | 485 ||| READING scroll labelled HAMIDO TAVYDEH.
   486 | D:1      | 486 ||| READING scroll labelled LULON TOCEM.
   501 | D:1      | 501 ||| DROPPING scroll of poison.
   960 | D:2      | Found a hazy altar of Hepliaklqana.
   993 | D:2      | HP: 4/21 [worm (5)]
   994 | D:2      | Slain by a worm

Levels and vault maps discovered:
D:1:      dpeg_arrival_castle, layout_rooms, serial_shops, nicolae_square_shop
D:2:      layout_basic, basic_altar

Skill      XL: |  1  2  3 |
---------------+----------+-----
Ranged Weapons | 3 |  3.7
Fighting       | 2 |  2.0
Dodging        | |  1.5
Spellcasting   | |  1.0
Hexes          | |  2.6

Action                     || total
---------------------------++-------
   Fire: Sling             ||   124
    Use: Scroll            ||     4
 Armour: Robe              ||     9
         Ring mail         ||    14
  Dodge: Dodged            ||    49

Table legend:
 A = Non-vault XP
 B = Vault XP
 C = Vault XP percentage of total XP
 D = Non-vault monster count
 E = Vault monster count
 F = Vault count percentage of total count
                 A         B        C        D         E       F
            +---------+---------+-------+---------+---------+-------
      Total |      77 |       0 |   0.0 |      31 |       0 |   0.0
            +---------+---------+-------+---------+---------+-------
        D:1 |      40 |       0 |   0.0 |      22 |       0 |   0.0
        D:2 |      37 |       0 |   0.0 |       9 |       0 |   0.0
            +---------+---------+-------+---------+---------+-------
